 Dungeon Crawl Stone Soup version 0.22.1-2-g9c5b331 (webtiles) character file.

658 MalarOregon the Insei (level 7, -6/45 HPs)
             Began as a Merfolk Transmuter on Nov 22, 2018.
             Was a Follower of Hepliaklqana.
             Shot with an arrow by a centaur (15 damage)
             ... on level 5 of the Dungeon.
             The game lasted 00:10:49 (4990 turns).

MalarOregon the Insei (Merfolk Transmuter)          Turns: 4990, Time: 00:10:49

Health: -6/45      AC:  5    Str: 11    XL:     7   Next: 55%
Magic:  20/20      EV: 14    Int: 14    God:    Hepliaklqana [*.....]
Gold:   287        SH:  5    Dex: 14    Spells: 2/12 levels left

rFire    . . .     SeeInvis .     - Unarmed
rCold    + . .     Gourm    .   c - +0 buckler
rNeg     . . .     Faith    .   b - +0 robe
rPois    .         Spirit   .   k - +2 hat
rElec    .         Reflect  .   (no cloak)
rCorr    .         Harm     .   z - +0 pair of gloves
MR       .....                  (no boots)
Stlth    +.........             (no amulet)
HPRegen  0.15/turn              o - ring of protection from cold
MPRegen  0.17/turn              q - ring of magical power

@: no status effects
A: change form in water, swift swim, stealthy swim, reduced essence
a: Recall Ancestor, Ancestor Identity, Renounce Religion


You were on level 5 of the Dungeon.
You worshipped Hepliaklqana.
Hepliaklqana was aware of your devotion.
You were near starving.

You visited 1 branch of the dungeon, and saw 5 of its levels.

You collected 287 gold pieces.

Inventory:

Missiles
 a - 88 arrows
Armour
 b - a +0 robe (worn)
 c - a +0 buckler (worn)
   (You found it on level 1 of the Dungeon)
 k - a +2 hat (worn)
   (You found it on level 1 of the Dungeon)
 z - a +0 pair of gloves (worn)
   (You found it on level 5 of the Dungeon)
Jewellery
 o - a ring of protection from cold (left hand)
   (You found it on level 1 of the Dungeon)
 q - a ring of magical power (right hand)
   (You found it on level 3 of the Dungeon)
Wands
 u - a wand of clouds (5)
   (You found it on level 3 of the Dungeon)
 x - a wand of acid (11)
   (You found it on level 2 of the Dungeon)
Scrolls
 h - 4 scrolls of immolation {unknown}
 i - 2 scrolls of teleportation {unknown}
 j - 6 scrolls of remove curse {unknown}
 l - a scroll of fog {unknown}
 p - a scroll of enchant armour {unknown}
 v - a scroll of amnesia {unknown}
 w - 3 scrolls of identify {unknown}
 y - a scroll of random uselessness {unknown}
Potions
 d - 2 potions of flight {unknown}
 f - a potion of haste {unknown}
 g - 3 potions of curing {unknown}
 m - 2 potions of heal wounds {unknown}
 n - a potion of cancellation {unknown}
 r - a potion of ambrosia {unknown}
 s - 3 potions of might {unknown}
 t - 2 potions of invisibility {unknown}
Comestibles
 e - 9 rations {!d}


   Skills:
 + Level 2.9 Fighting
 + Level 4.3 Dodging
 * Level 3.7 Shields
 + Level 4.6 Unarmed Combat
 + Level 3.0 Spellcasting
 + Level 4.4 Transmutations
 + Level 1.7 Ice Magic
 + Level 2.5 Poison Magic


You had 2 spell levels left.
You knew the following spells:

 Your Spells              Type           Power        Failure   Level  Hunger
a - Beastly Appendage     Tmut           ##....       3%          1    #......
c - Ice Form              Ice/Tmut       ##......     52%         4    #####..
s - Sticks to Snakes      Tmut           ##......     5%          2    ##.....
x - Spider Form           Tmut/Pois      ##........   16%         3    ###....

Your spell library contained the following spells:

 Spells                   Type           Power        Failure   Level  Hunger
 Blade Hands              Tmut           ##........   69%         5    ######.


Dungeon Overview and Level Annotations

Branches:
Dungeon (5/15)
 Temple: D:4-7

Altars:
Ashenzari
Hepliaklqana
Kikubaaqudgha
Ru
Zin


Message History

The orc wizard looks as sick as possible!
The giant cockroach completely misses you.
The orc closely misses you. The orc wizard misses you.
The giant cockroach bites you but does no damage.
You completely miss the orc wizard. The orc misses you.
The orc wizard casts a spell at you. The magic dart hits you!
* * * LOW HITPOINT WARNING * * *
The giant cockroach misses you.
Zola hits the orc.
You hit the orc.
You kill the orc!
You feel a bit more experienced.
The centaur wields a runed shortbow.
The centaur shoots an arrow.
The arrow hits you.
* * * LOW HITPOINT WARNING * * *
You barely miss the giant cockroach.
Zola closely misses the giant cockroach.
The giant cockroach misses you.
You hit the giant cockroach.
You kill the giant cockroach!
You are near starving!
The centaur closely misses Zola.
The centaur shoots an arrow.
The arrow completely misses Zola.
The arrow hits you!
* * * LOW HITPOINT WARNING * * *
The orc barely misses Zola.
Zola barely misses the centaur.
Something completely misses Zola.
The orc closely misses Zola.
Zola hits the orc but does no damage.
Something closely misses Zola.
Your transformation is almost over.
Something hits Zola.
The centaur hits Zola with an enchanted shortbow!
The centaur shoots an arrow.
The arrow hits Zola!
The centaur shoots an arrow.
The arrow hits Zola!
Zola is destroyed!
The centaur shoots an arrow.
The arrow completely misses you.
The centaur shoots an arrow.
The arrow completely misses you.
The centaur shoots an arrow.
The arrow barely misses you.
You see here an arrow.
The centaur shoots an arrow.
The arrow hits you.
* * * LOW HITPOINT WARNING * * *
You see here an arrow.
Your transformation has ended.
Your +2 hat unmelds from your body.
Your +0 pair of gloves unmelds from your body.
Your +0 buckler unmelds from your body.
Your +0 robe unmelds from your body.
The centaur shoots an arrow.
You block the arrow.
The centaur shoots an arrow.
The arrow barely misses you.
You see here an arrow.
The centaur shoots an arrow.
The arrow hits you!
You die...

.#....#.........'....#....#
#...
.#....#...[.....#....+...)#
#...
.#....#..(......#....#....#
#...
.##..##.........###'##....#
##...
###..#####+#######.....####
#....
(.((....(c.......#.....#
#....
........(........#.....#
#....
........(o....(..#.....#
#....
###.############@......##
##....
#.#...........####....#
#....# ..#...........#
#.(..# #<...'
#(.#.....>..<..# #....#
#....# #..#...........#
#....# #....# #...........#
#....####....#
####........#
####......#+## #........#
#......#... #........#
#......#...


You could see a centaur and an orc.

Vanquished Creatures
  A sky beast (D:5)
  An ogre (D:4)
  A crimson imp (D:5)
  An orc wizard (D:5)
  2 iguanas
  A worker ant (D:4)
  3 adders
  An adder skeleton (D:4)
  2 dart slugs (D:1)
  8 leopard geckos
  7 orcs
  5 giant cockroaches
  11 goblins
  4 hobgoblins (D:1)
  6 jackals
  7 bats
  8 frilled lizards
  A jackal skeleton (D:5)
  9 kobolds
  8 rats
87 creatures vanquished.

Vanquished Creatures (collateral kills)
  Sigmund (D:2)
  A bullfrog skeleton (D:4)
  An adder (D:3)
  2 shadow imps (D:5)
  An ooze (D:3)
  2 leopard geckos (D:4)
  An orc (D:4)
  2 giant cockroaches (D:4)
  A goblin (D:3)
12 creatures vanquished.

Vanquished Creatures (others)
  3 ancestors
3 creatures vanquished.

Grand Total: 102 creatures vanquished

Notes
Turn   | Place    | Note
-------+----------+-------------------------------------------
     0 | D:1      | MalarOregon the Merfolk Transmuter began the quest for the
                  | Orb.
     0 | D:1      | Reached XP level 1. HP: 15/15 MP: 3/3
   167 | D:1      | Reached XP level 2. HP: 13/21 MP: 3/5
   442 | D:1      | Reached skill level 1 in Shields
   572 | D:1      | Reached XP level 3. HP: 20/26 MP: 3/6
   824 | D:1      | Learned a level 2 spell: Sticks to Snakes
   828 | D:1      | Learned a level 3 spell: Spider Form
  1374 | D:2      | Found a glowing silver altar of Zin.
  1384 | D:2      | Found a sacrificial altar of Ru.
  1388 | D:2      | Found a hazy altar of Hepliaklqana.
  1420 | D:2      | Became a worshipper of Hepliaklqana the Forgotten
  1597 | D:2      | Noticed Sigmund
  1607 | D:2      | Killed Sigmund
  1607 | D:2      | Reached skill level 1 in Poison Magic
  1607 | D:2      | Reached XP level 4. HP: 4/29 MP: 3/7
  1607 | D:2      | Reached XP level 5. HP: 5/34 MP: 3/8
  2400 | D:3      | Reached XP level 6. HP: 39/39 MP: 9/9
  2407 | D:3      | Learned a level 4 spell: Ice Form
  2647 | D:3      | Reached * piety under Hepliaklqana
  3131 | D:4      | HP: 2/41 [orc/stone (3)]
  3590 | D:4      | Reached skill level 1 in Ice Magic
  3733 | D:4      | Reached XP level 7. HP: 6/45 MP: 11/11
  4044 | D:4      | Found an ancient bone altar of Kikubaaqudgha.
  4194 | D:4      | Found a shattered altar of Ashenzari.
  4312 | D:5      | Entered Level 5 of the Dungeon
  4990 | D:5      | Shot with an arrow by a centaur

Skill      XL: |  1  2  3  4  5  6  7 |
---------------+----------------------+-----
Transmutations | 3 4 |  4.4
Shields        | 1 2 3 |  3.7
Dodging        | 3 4 |  4.3
Fighting       | 2 |  2.9
Unarmed Combat | 4 |  4.6
Poison Magic   | 1 2 |  2.5
Ice Magic      | 1 |  1.7
Spellcasting   | 3 |  3.0

Action                   |  1- 3 |  4- 6 |  7- 9 || total
-------------------------+-------+-------+-------++-------
Melee: Unarmed           |   135 |   141 |    67 ||   343
       Headbutt          |     9 |     3 |     6 ||    18
       Tailslap          |       |     2 |       ||     2
 Cast: Beastly Appendage |    16 |     4 |     2 ||    22
       Spider Form       |     1 |     4 |     2 ||     7
       Sticks to Snakes  |       |     1 |       ||     1
 Stab: Sleeping          |       |     4 |       ||     4
       Distracted        |       |     1 |     1 ||     2
  Eat: Chunk             |     3 |     7 |     3 ||    13
Armor: Robe              |    18 |    29 |     9 ||    56
       Skin              |       |       |     2 ||     2
Dodge: Dodged            |    61 |   106 |    50 ||   217
Block: Buckler           |    20 |    29 |    13 ||    62
